 Dungeon Crawl Stone Soup version 0.32-a0-799-g95e1662365 (webtiles) character file.

Game seed: 17646260283475903079

8752001 ragingrage the Spellbinder (level 27, 132/160 HPs)
             Began as a Felid Shapeshifter on Mar 21, 2024.
             Was an Initiate of Gozag.
             Escaped with the Orb
             ... and 12 runes!
             The game lasted 03:01:56 (121295 turns).

ragingrage the Spellbinder (Felid Shapeshifter)   Turns: 121295, Time: 03:01:57

Health: 132/160    AC: 16    Str: 15    XL:     27
Magic:  28/39      EV: 65    Int: 25    God:    Gozag
Gold:   13361      SH:  0    Dex: 22    Spells: 2/49 levels left
                                        Lives:  0   Deaths: 10

rFire   . .          .
                       - Unarmed
rCold   . . .        (shield unavailable)
rNeg    . . .        (body armour unavailable)
rPois   ∞            (helmet unavailable)
rElec   +            (cloak unavailable)
rCorr   +            (gloves unavailable)
SInv    +            (boots unavailable)
Will    ++++.        j - amulet "Xuly" {Regen+ Int+2 Dex+2}
Stlth   +++          O - +4 ring of protection
HPRegen 1.26/turn    f - ring of resist corrosion
MPRegen 0.26/turn

%: no passive effects
@: storm-form, flying, studying Alchemy
A: cleaving, insubstantial, flying, very small, (claws 2), (fangs 3), see
invisible, (shaggy fur 3), (stealthy paws), no weapons or thrown items, no
armour, multi-lived, (iridescent scales 1), clever 1, strong 1, (cold
vulnerability 1), inability to drink after injury 1
0: Orb of Zot
}: 12/15 runes: decaying, slimy, silver, obsidian, bone, abyssal, demonic,
glowing, magical, fiery, dark, gossamer
a: Blinkbolt, Begin Untransformation, Renounce Religion, Potion Petition, Call
Merchant, Bribe Branch


You escaped.
You worshipped Gozag.
Gozag was extremely pleased with you.
You were a lightning-filled tempest!
You visited 15 branches of the dungeon, and saw 75 of its levels.
You visited Pandemonium 1 time, and saw 13 of its levels.
You visited the Abyss 2 times.
You visited 1 bazaar.
You also visited: Trove and Wizlab.

You collected 43645 gold pieces.
You spent 7099 gold pieces at shops.
You paid 23185 gold pieces to Gozag.

Inventory:

Jewellery
 f - a ring of resist corrosion (right paw)
 j - the amulet "Xuly" (around neck) {Regen+ Int+2 Dex+2}
   (You took it off a deep elf pyromancer on level 3 of the Elven Halls)

   [amulet of regeneration]

   Int+2:     It affects your intelligence (+2).
   Dex+2:     It affects your dexterity (+2).
   Regen+:    It increases your rate of health regeneration.
 v - the ring of Ujoghais {rF+ rC- Str+2 Dex+5}
   (You found it on level 2 of the Depths)

   [ring of protection from fire]

   Str+2:     It affects your strength (+2).
   Dex+5:     It affects your dexterity (+5).
   rF+:       It protects you from fire.
   rC-:       It makes you vulnerable to cold.
 G - the ring "Pasoas" {rC+ Int+3 SInv}
   (You took it off a deep elf death mage on level 3 of the Elven Halls)

   [ring of see invisible]

   Int+3:     It affects your intelligence (+3).
   rC+:       It protects you from cold.
   SInv:      It lets you see invisible.
 H - the ring of Jiqe {*Slow rPois rN++ Int+3 Dex+6}
   (You took it off a spriggan berserker on level 3 of the Depths)

   [ring of dexterity]

   Int+3:     It affects your intelligence (+3).
   Dex+6:     It affects your dexterity (+6).
   rPois:     It protects you from poison.
   rN++:      It greatly protects you from negative energy.
   *Slow:     It may slow you when you take damage.
 N - the ring "Tifet" {rF+ Str+2 Int+3}
   (You found it in Pandemonium)

   [ring of protection from fire]

   Str+2:     It affects your strength (+2).
   Int+3:     It affects your intelligence (+3).
   rF+:       It protects you from fire.
 O - a +4 ring of protection (left paw)
 R - the ring of Bousch {rC+ rCorr Str+9 Int-5 Dex-4}
   (You found it on level 7 of Tartarus)

   [ring of protection from cold]

   Str+9:     It affects your strength (+9).
   Int-5:     It affects your intelligence (-5).
   Dex-4:     It affects your dexterity (-4).
   rC+:       It protects you from cold.
   rCorr:     It protects you from acid and corrosion.
 Z - the ring of Penoqeik {rF+ Str+2 Dex+3}
   (You took it off an ironbound preserver on level 5 of the Vaults)

   [ring of protection from fire]

   Str+2:     It affects your strength (+2).
   Dex+3:     It affects your dexterity (+3).
   rF+:       It protects you from fire.
Talismans
 b - a granite talisman
 o - a storm talisman (active)
Wands
 s - a wand of quicksilver (25)
 y - a wand of paralysis (110)
 A - a wand of mindburst (34)
 B - a wand of polymorph (60)
 F - a wand of flame (117)
 K - a wand of digging (7)
 V - a wand of roots (57)
Scrolls
 c - 4 scrolls of noise
 e - 16 scrolls of poison
 m - 5 scrolls of silence
 p - 4 scrolls of revelation
 q - 10 scrolls of vulnerability
 t - 12 scrolls of teleportation
 z - 10 scrolls of blinking
 D - 5 scrolls of amnesia
 I - 10 scrolls of fog
 L - a scroll of torment
 M - 8 scrolls of immolation
 Q - 16 scrolls of fear
 U - 3 scrolls of butterflies
Potions
 a - 13 potions of lignification
 d - 12 potions of heal wounds
 g - 11 potions of enlightenment
 i - 16 potions of curing
 k - 10 potions of haste
 l - 4 potions of attraction
 n - 8 potions of mutation
 r - 9 potions of brilliance
 u - 8 potions of magic
 w - 7 potions of ambrosia
 x - 12 potions of might
 E - 10 potions of resistance
 J - 7 potions of berserk rage
 P - 2 potions of cancellation
 S - 9 potions of invisibility
Miscellaneous
 h - a lightning rod (4/4)
 C - a tin of tremorstones (2/2)
 W - a phantom mirror
 X - a phial of floods
 Y - a box of beasts


   Skills:
 * Level 21.4 Fighting
 O Level 27 Dodging
 - Level 20.4 Stealth
 O Level 27 Unarmed Combat
 - Level 11.6 Spellcasting
 O Level 27 Hexes
 - Level 14.9 Necromancy
 - Level 13.0 Translocations
 - Level 20.0 Fire Magic
 - Level 5.0 Air Magic
 - Level 4.0 Earth Magic
 - Level 1.0 Alchemy
 - Level 18.0 Evocations
 - Level 24.0 Shapeshifting


You had 2 spell levels left.
You knew the following spells:

 Your Spells              Type           Power      Damage    Failure   Level
a - Death Channel         Necr           36%        N/A       1%          6
b - Fugue of the Fallen   Necr           73%        N/A       1%          3
c - Manifold Assault      Tloc           68%        N/A       1%          4
d - Discord               Hex            49%        N/A       1%          8
e - Yara's Violent Unrav  Hex/Alch       35%        3d14      1%          5
f - Vhi's Electric Charg  Tloc/Air       100%       N/A       1%          4
g - Blink                 Tloc           100%       N/A       1%          2
h - Enfeeble              Hex            49%        N/A       1%          7
i - Ignition              Fire           42%        3d12      8%          8

Your spell library contained the following spells:

 Spells                   Type           Power      Damage    Failure   Level
 Necrotise                Necr           100%       1d9       0%          1
 Slow                     Hex            100%       N/A       0%          1
 Jinxbite                 Hex            100%       N/A       0%          2
 Scorch                   Fire           100%       2d9       0%          2
 Apportation              Tloc           100%       N/A       1%          1
 Foxfire                  Conj/Fire      100%       2x1d9     1%          1
 Kiss of Death            Conj/Necr      100%       2d13      1%          1
 Sandblast                Erth           68%        2d15      1%          1
 Cigotuvi's Dreadful Rot  Necr/Alch/Air  98%        N/A       1%          2
 Ensorcelled Hibernation  Hex/Ice        100%       N/A       1%          2
 Lesser Beckoning         Tloc           100%       N/A       1%          2
 Mercury Vapours          Alch/Air       58%        N/A       1%          2
 Sting                    Conj/Alch      68%        1d7       3%          1
 Freeze                   Ice            56%        1d7       4%          1
 Magic Dart               Conj           56%        1d5       4%          1
 Summon Small Mammal      Summ           56%        N/A       4%          1
 Call Imp                 Summ           28%        N/A       6%          2
 Searing Ray              Conj           28%        2d5       6%          2
 Confusing Touch          Hex            99%        N/A       0%          3
 Inner Flame              Hex/Fire       93%        N/A       0%          3
 Sigil of Binding         Hex            99%        N/A       0%          3
 Tukima's Dance           Hex            99%        N/A       0%          3
 Volatile Blastmotes      Fire/Tloc      100%       2d18      0%          3
 Anguish                  Hex/Necr       44%        N/A       0%          4
 Cause Fear               Hex            49%        N/A       0%          4
 Dazzling Flash           Conj/Hex       100%       N/A       1%          3
 Gell's Gravitas          Tloc           68%        N/A       1%          3
 Swiftness                Air            39%        N/A       1%          3
 Teleport Other           Tloc           68%        N/A       1%          3
 Vampiric Draining        Necr           73%        2d11      1%          3
 Dispel Undead            Necr           73%        3d24      1%          4
 Ignite Poison            Fire/Alch      61%        N/A       1%          4
 Martyr's Knell           Necr/Summ      51%        N/A       1%          4
 Passage of Golubria      Tloc           68%        N/A       1%          4
 Summon Blazeheart Golem  Fire/Summ      59%        N/A       1%          4
 Curse of Agony           Necr           73%        N/A       1%          5
 Fireball                 Conj/Fire      29%        3d13      1%          5
 Metabolic Englaciation   Hex/Ice        35%        N/A       1%          5
 Silence                  Hex/Air        38%        N/A       1%          5
 Summon Mana Viper        Hex/Summ       70%        N/A       1%          5
 Passwall                 Erth           34%        N/A       2%          3
 Iskenderun's Mystic Bla  Conj/Tloc      47%        2d10      2%          4
 Borgnjor's Vile Clutch   Necr/Erth      29%        N/A       2%          5
 Dispersal                Tloc           34%        N/A       3%          6
 Plasma Beam              Fire/Air       33%        2x1d46    3%          6
 Mephitic Cloud           Conj/Alch/Air  24%        N/A       5%          3
 Stone Arrow              Conj/Erth      48%        3d10      5%          3
 Summon Forest            Summ/Tloc      23%        N/A       8%          5
 Starburst                Conj/Fire      29%        6d9       11%         6
 Call Canine Familiar     Summ           14%        N/A       12%         3
 Hailstorm                Conj/Ice       14%        3d6       12%         3
 Ozocubu's Armour         Ice            14%        N/A       12%         3
 Summon Ice Beast         Ice/Summ       14%        N/A       12%         3
 Leda's Liquefaction      Alch/Erth      13%        N/A       14%         4
 Petrify                  Alch/Erth      27%        N/A       14%         4
 Brom's Barrelling Bould  Conj/Erth      24%        2d5       19%         4
 Lee's Rapid Deconstruct  Erth           17%        3d10*     22%         5
 Olgreb's Toxic Radiance  Alch           19%        N/A       26%         4
 Fulminant Prism          Conj/Alch      8%         3d7       32%         4
 Arcjolt                  Conj/Air       13%        1d23      38%         5
 Freezing Cloud           Conj/Ice/Air   11%        6-21      50%         5
 Borgnjor's Revivificati  Necr           36%        N/A       52%         8
 Infestation              Necr           36%        N/A       52%         8
 Alistair's Intoxication  Alch           12%        N/A       58%         5
 Irradiate                Conj/Alch      8%         3d14      67%         5
 Iskenderun's Battlesphe  Conj           14%        2d7       75%         5
 Conjure Ball Lightning   Conj/Air       13%        3x3d6     92%         6
 Malign Gateway           Summ/Tloc      23%        N/A       94%         7
 Bombard                  Conj/Erth      12%        9d3       95%         6
 Permafrost Eruption      Ice/Erth       12%        2x4d5     95%         6
 Eringya's Noxious Bog    Alch           9%         4d6       99%         6
 Sculpt Simulacrum        Ice/Alch       8%         N/A       99%         6
 Summon Cactus Giant      Summ           7%         N/A       99%         6
 Monstrous Menagerie      Summ           7%         N/A       100%        7
 Orb of Destruction       Conj           7%         9d6       100%        7
 Ozocubu's Refrigeration  Ice            7%         4d9       100%        7
 Lehudib's Crystal Spear  Conj/Erth      12%        10d4      100%        8
 Maxwell's Capacitive Co  Air            19%        ∞         100%        8
 Summon Horrible Things   Summ           7%         N/A       100%        8
 Chain Lightning          Conj/Air       13%        3d18      100%        9
 Dragon's Call            Summ           7%         N/A       100%        9
 Polar Vortex             Ice            7%         N/A       100%        9
 Dimensional Bullseye     Hex/Tloc       Unusable   N/A       N/A         4
 Animate Armour           Summ/Erth      Unusable   N/A       N/A         4

Dungeon Overview and Level Annotations

Branches:
Dungeon (15/15)            Temple (1/1) D:5            Lair (5/5) D:10
  Swamp (4/4) Lair:2       Spider (4/4) Lair:2        Slime (5/5) Lair:4
    Orc (2/2) D:9             Elf (3/3) Orc:2        Vaults (5/5) D:14
  Crypt (0/3) Vaults:3     Depths (4/4) D:15           Hell (visited)
    Dis (7/7) Hell            Geh (7/7) Hell            Coc (0/7) Hell
    Tar (7/7) Hell            Zot (5/5) Depths:4     WizLab (visited)

Altars:
Ashenzari
Cheibriados
Dithmenos
Elyvilon
Fedhas
Gozag
Hepliaklqana
Kikubaaqudgha
Makhleb
Nemelex Xobeh
Okawaru
Qazlal
Ru
Sif Muna
Trog
Uskayaw
Vehumet
Wu Jian
Xom
Yredelemnul
Zin
The Shining One
Jiyva

Shops:
D:2 [*!=:   D:3 (   D:8 (   Orc:1 :[   Orc:2 [*=?   Elf:2 =   Elf:3 :
Vaults:2 =   Vaults:3 ([   Vaults:5 [   Depths:1 [   Depths:2 !

Portals:
Hell: Depths:1 Depths:2 Depths:3 Depths:4
Abyss: Depths:1 Depths:3
Pandemonium: Orc:2 Depths:2 Depths:4
Ziggurat: Depths:1

Annotations:
D:3 exclusion: downstairs


Innate Abilities, Weirdness & Mutations

You are a lightning-filled tempest!
Your electrical attacks strike out in all directions at once.
You are incredibly evasive.
Your insubstantial body is immune to petrification, constriction, and being set on fire You are flying.
You are immune to poison.
((You have sharp claws.))
((You have razor-sharp teeth.))
You have supernaturally acute eyesight. (SInv)
((Your thick and shaggy fur keeps you warm. (AC +3, rC+)))
((Your paws help you pounce on unaware monsters.))
You are incapable of wielding weapons or throwing items.
You cannot wear armour.
You gain extra lives every three experience levels.
((You are partially covered in iridescent scales. (AC +2)))
Your mind is acute. (Int +4, Str/Dex -1)
Your muscles are strong. (Str +4, Int/Dex -1)
((You are vulnerable to cold. (rC-)))
You occasionally lose the ability to drink potions when taking damage.


Message History

(N) Spider Nest (M) Slime Pits (O) Orcish Mines (E) Elven Halls (V) Vaults (C) Crypt (U) Depths (H) Hell (I) Dis (G) Gehenna (X) Cocytus (Y) Tartarus (Z) Zot
Where to? (Tab/Enter - D:1 @ (x,y), ? - help)
There is a stone staircase leading up here.
You fly upwards.
There is a stone staircase leading down here.
An Executioner comes into view.
The Executioner gives a hideous shriek!
There is an open door here.
Casting: Vhi's Electric Charge (mildly dangerous; 1% risk of failure)
Aiming: Enfeeble (mildly dangerous; 1% risk of failure)
Press: ? - help, Shift-Dir - straight line, f - Executioner
Aim: an Executioner (will inflict weakness and antimagic, chance to daze and blind: 38%)
The Executioner is enfeebled!
The Executioner gestures.
The Executioner seems to speed up.
Casting: Enfeeble (mildly dangerous; 1% risk of failure)
Aiming: Enfeeble (mildly dangerous; 1% risk of failure)
Press: ? - help, Shift-Dir - straight line, f/p - Executioner
Aim: an Executioner (fast, blind, unable to see you, dazed, weak, magic disrupted, will inflict weakness and antimagic, chance to daze and blind: 38%)
The Executioner partially resists.
The Executioner is enfeebled!
The Executioner completely misses you. x2; The Executioner misses you.
The Executioner is lost in a daze.
You strike the helpless Executioner from behind!
You blast the Executioner!!!
Your punch misses the Executioner.
The Executioner hits you but does no damage.
The Executioner completely misses you. x2
You blast the Executioner!!!
You kill the Executioner!
You now have 13361 gold pieces (gained 12).
(D) Dungeon (T) Temple (L) Lair (S) Swamp (N) Spider Nest (M) Slime Pits (O) Orcish Mines (E) Elven Halls (V) Vaults (C) Crypt (U) Depths (H) Hell (I) Dis (G) Gehenna (X) Cocytus (Y) Tartarus (Z) Zot
Where to? (Tab/Enter - D:1 @ (x,y), ? - help)
There is a staircase leading out of the dungeon here.
You have escaped!

#####
####ßvß####
##.........##
#ß.........ß#
#...ß...ß...#
#ß.........ß#
##.........##
#..%......#
#####'#####
#..#


There were no monsters in sight!

Vanquished Creatures
  Cerebov (Pan)
  Asmodeus (Geh:7)
  the Royal Jelly (Slime:5)
  Gloorx Vloq (Pan)
  Mnoleg (Pan)
  Ereshkigal (Tar:7)
  the Serpent of Hell (Geh:7)
  Lom Lobon (Pan)
  6 dread liches
  3 ancient liches
  2 orbs of fire (Zot:5)
  A juggernaut (Depths:3)
  Boris (Vaults:3)
  Bai Suzhen (Elf:3)
  2 curse toes
  8 Killer Klowns
  5 caustic shrikes (Dis:6)
  The ghost of Gryn the Slayer, a veteran AtWr of Uskayaw (Depths:3)
  13 golden dragons
  Geryon (Hell)
  2 pandemonium lords (Pan)
  14 profane servitors
  22 bone dragons
  Arachne (Spider:3)
  15 Tzitzimimeh
  A spectral shard shrike (Tar:4)
  7 iron giants
  16 Brimstone Fiends
  11 doom hounds
  13 hellephants
  2 Ice Fiends
  16 tentacled monstrosities
  10 Orb Guardians
  2 walking crystal tomes (Depths:3)
  10 Hell Sentinels
  11 tainted leviathans
  A moon troll (WizLab)
  A lich (Depths:3)
  3 deep elf blademasters
  A walking earthen tome (Depths:3)
  29 searing wretches
  Asterion (Spider:3)
  A titan (Vaults:5)
  2 deep elf master archers (Elf:3)
  A walking frostbound tome (Depths:3)
  Frances (D:13)
  15 acid blobs
  10 death cobs
  23 Executioners
  2 eldritch tentacles (Pan)
  10 ancient champions
  4 sphinxes
  6 quicksilver dragons
  Gastronok (Lair:2)
  5 tentacled starspawn (WizLab)
  A thorn hunter (Swamp:2)
  Kirke (D:12)
  13 storm dragons
  7 tengu reavers
  12 shadow dragons
  3 azure jellies
  4 draconian monks
  A revenant (Abyss:4)
  Roxanne (Elf:3)
  4 rockslimes
  4 protean progenitors
  Donald (Lair:2)
  A daeva (D:15)
  4 emperor scorpions
  7 deep elf sorcerers
  11 frost giants
  4 draconian knights
  6 iron dragons
  2 demonspawn warmongers (Pan)
  11 fire giants
  2 draconian scorchers
  4 deep elf elementalists
  3 quicksilver elementals
  3 draconian shifters (Zot:1)
  45 balrugs
  22 ghost moths
  A spectral caustic shrike (Tar:5)
  2 spectral juggernauts
  An angel (Pan)
  2 orc warlords
  2 curse skulls (Pan)
  The ghost of olmar the Bludgeoner, a journeyman MDFi of Gozag (Orc:2)
  8 vault wardens
  A spriggan defender (Depths:3)
  5 draconian annihilators
  14 reapers
  6 quicksilver oozes
  7 demonspawn corrupters (Pan)
  15 cacodemons
  3 very ugly things
  5 broodmothers
  8 draconian stormcallers
  4 vampire knights
  9 ironbound preservers
  3 demonspawn blood saints (Pan)
  6 formless jellyfish
  6 caustic shrike skeletons (Pan)
  The ghost of Soafokuo the Warrior, a journeyman FeDe of Wu Jian (Swamp:2)
  8 juggernaut skeletons (Pan)
  An ironbound thunderhulk (Vaults:1)
  17 stone giants
  3 eleionomae (Swamp:4)
  6 demonspawn black suns (Pan)
  10 deep elf death magi (Elf:3)
  4 green draconians
  4 deep elf demonologists (Elf:3)
  9 dire elephants
  2 spectral titans
  5 lorocyprocas
  5 black draconians
  Azrael (Spider:2)
  10 purple draconians
  19 putrid mouths
  3 yellow draconians
  13 deep elf annihilators
  5 spark wasps
  44 war gargoyles
  7 bunyips
  3 red draconians
  3 white draconians
  4 eidola (Tar:7)
  15 iron golems
  9 ettins
  The ghost of hikkokomori the Carver, a journeyman CoWr of Okawaru (Lair:1)
  2 crystal guardians (WizLab)
  18 blizzard demons
  A spectral quicksilver dragon (Tar:4)
  5 fire dragons
  A spectral golden dragon (Tar:2)
  3 shambling mangroves
  11 green deaths
  2 deep elf high priests
  11 entropy weavers
  13 great orbs of eyes
  15 yaktaur captains
  A hell beast (Pan)
  16 vault guards
  8 rakshasas
  The ghost of Shayle the Fighter, a journeyman CoAl (D:10)
  4 salamander tyrants
  4 spectral spriggans
  A spriggan skeleton (Abyss:4)
  4 spriggan air magi
  7 ice dragons
  A catoblepas (Abyss:4)
  6 jorogumos
  2 radroaches (Spider:4)
  5 alligators
  23 hydras
  A peacekeeper (Vaults:4)
  7 ironbound frosthearts
  The ghost of Fractals the Fighter, a journeyman GrMo of Makhleb (Lair:1)
  The ghost of Nyexeo the Covert, a journeyman VSEn of Uskayaw (Lair:1)
  9 stokers
  2 ghost crabs
  A merfolk aquamancer (Pan)
  3 death knights
  Erica (D:11)
  2 ogre magi (Vaults:5)
  8 boulder beetles
  20 dancing weapons
  4 centaur warriors
  5 deep troll earth magi
  4 tengu warriors
  The ghost of jamsaran the Summoner, a journeyman TeSu of Sif Muna (Lair:1)
  2 deep troll shamans (Depths:3)
  4 orc high priests (Orc:2)
  Urug (D:12)
  25 death yaks
  47 hell hogs
  20 demonic crawlers
  5 thrashing horrors
  8 two-headed ogres
  53 sun demons
  4 hell knights
  6 spriggan berserkers
  2 spectral dire elephants
  11 deep elf knights
  24 soul eaters
  14 crystal echidnas
  A spectral death yak (Lair:5)
  5 iron trolls
  2 skysharks
  4 hellephant skeletons (Pan)
  Amaemon (Lair:1)
  4 skeletal warriors
  2 fire crabs (Abyss:4)
  A wretched star (WizLab)
  23 shadow wraiths
  A death drake (Swamp:2)
  10 pharaoh ants
  17 sixfirhies
  A spectral anaconda (Lair:5)
  16 shadow demons (Pan)
  An orange crystal statue (WizLab)
  An anaconda zombie (Hell)
  17 deep trolls
  5 goliath frogs
  A spectral hydra (Tar:3)
  9 sun moths
  A kraken simulacrum (Hell)
  16 orb spiders
  15 glowing orange brains
  2 spriggan druids
  7 lindwurms
  2 arcanists (Vaults:3)
  9 flayed ghosts
  2 bog bodies
  10 phantasmal warriors
  5 deep elf archers
  8 orc knights
  2 obsidian statues
  5 harpies (Vaults:5)
  11 swamp dragons
  19 ironbound convokers
  22 deep elf zephyrmancers
  7 steelbarb worms
  A lightning spire (Abyss:4)
  28 deep elf pyromancers
  20 starcursed masses
  A harpy (shapeshifter) (D:14)
  7 necromancers
  12 orc sorcerers
  A spectral ettin (Tar:1)
  28 wolf spiders
  5 shining eyes
  23 ugly things
  A salamander (Depths:1)
  3 will-o-the-wisps
  3 manticores
  A wolf spider (shapeshifter) (Vaults:4)
  5 cyclopes
  12 elephants
  9 kobold blastminers
  26 moths of wrath
  8 meliai
  4 black mambas
  14 vault sentinels
  2 rust devils (Pan)
  A dire elephant skeleton (Lair:5)
  Joseph (D:8)
  4 molten gargoyles (Hell)
  14 eyes of devastation
  A guardian serpent (Abyss:4)
  2 ice statues (Hell)
  22 orange demons
  39 smoke demons
  3 centaur skeletons (D:14)
  8 torpor snails
  A gargoyle (D:12)
  9 cane toads
  25 hellions
  A naga mage (Abyss:4)
  35 large abominations
  Jeremiah (D:9)
  6 rime drakes
  2 unseen horrors (shapeshifter)
  3 unseen horrors
  4 kobold demonologists
  5 yaktaurs
  10 efreet
  12 tormentors
  An ice devil (Depths:1)
  15 komodo dragons
  2 sea snake skeletons (Hell)
  Psyche (D:8)
  3 ancient zymes (Abyss:4)
  2 freezing wraiths
  6 red devils
  2 guardian mummies (Zot:3)
  3 tengu conjurers (Depths:1)
  A hydra zombie (Hell)
  9 trolls
  22 hellwings
  3 polar bears
  12 hornets
  2 polar bears (shapeshifter)
  A silent spectre (Tar:7)
  3 spectral harpies
  32 tarantellas
  11 tyrant leeches
  16 blink frogs
  5 glass eyes
  A hornet (shapeshifter) (D:15)
  6 raiju (Abyss:4)
  18 dream sheep
  17 jumping spiders
  Sigmund (D:3)
  32 culicivoras
  A spriggan (shapeshifter) (Elf:1)
  19 ynoxinuls
  13 small abominations (Abyss:4)
  7 water elementals
  52 slime creatures
  5 spriggans
  3 hogs (D:12)
  4 wraiths
  32 yaks
  2 wyverns
  5 fire elementals
  7 basilisks
  A redback (shapeshifter) (Vaults:5)
  13 golden eyes
  2 wargs
  A death yak simulacrum (Lair:5)
  66 redbacks
  4 fire bats (Pan)
  8 chaos spawn
  20 neqoxecs
  A sea snake simulacrum (Hell)
  14 vampire mosquitoes
  3 steam dragons
  Menkaure (D:7)
  An acid dragon (D:9)
  2 nagas (Abyss:4)
  Duvessa (D:7)
  A spectral cane toad (Lair:5)
  21 swamp worms
  10 water moccasins
  8 hell hounds
  11 swamp drakes
  28 orc warriors
  A laughing skull (Abyss:4)
  An ice beast (D:5)
  3 sky beasts
  An elephant zombie (Lair:5)
  8 wolves
  9 ogres
  A boggart (D:14)
  13 centaurs
  4 elephant skeletons (Lair:5)
  2 phantoms
  7 weeping skulls
  9 kobold brigands
  11 bullfrogs
  A spectral warg (Orc:2)
  3 cane toad simulacra (Lair:5)
  2 earth elementals (Elf:2)
  2 scorpions
  Dowan (D:7)
  24 wights
  4 killer bees (D:11)
  A spectral ogre (Orc:2)
  An elephant simulacrum (Lair:5)
  An electric eel (Lair:2)
  4 howler monkeys
  2 bombardier beetles
  10 jellies
  24 orc priests
  6 hounds
  3 iguanas
  A gnoll bouda (D:7)
  2 sleepcaps (D:7)
  3 spectral orcs (Orc:2)
  A hell rat (Hell)
  16 orc wizards
  A boggart skeleton (D:14)
  Robin (D:3)
  13 gnolls
  5 adders
  An ogre simulacrum (Orc:2)
  A shadow imp (D:8)
  2 white imps
  2 ufetubi (Abyss:4)
  4 dart slugs
  63 orcs
  4 ball pythons
  4 bats
  8 endoplasms
  A giant cockroach (D:3)
  8 goblins
  8 hobgoblins
  4 jackals (D:3)
  4 quokkas
  2 frilled lizards
  28 kobolds
  3 rats
  4 aspiring fleshes
  6 creeping infernos
  13 fire vortices
  A lurking horror (Abyss:1)
  2 spectral weapons
  2 starspawn tentacles (WizLab)
  A tentacle (Hell)
2941 creatures vanquished.

Vanquished Creatures (collateral kills)
  Frederick (Vaults:3)
  2 ancient liches
  Sojobo (Vaults:3)
  7 caustic shrikes
  A bone dragon (Tar:5)
  2 electric golems
  2 hellephants
  A Hell Sentinel (Dis:6)
  A tentacled monstrosity (Vaults:5)
  An iron giant (Dis:4)
  5 Orb Guardians (Zot:5)
  2 searing wretches
  A quicksilver dragon (Vaults:5)
  5 acid blobs
  An Executioner (Pan)
  3 shadow dragons
  A tengu reaver (Vaults:5)
  2 azure jellies (Slime:5)
  A storm dragon (Zot:1)
  2 protean progenitors
  3 rockslimes
  4 vault wardens
  3 frost giants
  A demonspawn warmonger (Pan)
  2 draconian shifters
  A fire giant (Geh:4)
  2 balrugs
  A ghost moth (Zot:2)
  An iron dragon (Dis:2)
  A demonspawn corrupter (Pan)
  4 ironbound preservers
  2 draconian annihilators
  4 cacodemons
  A draconian stormcaller (Zot:2)
  2 stone giants
  A juggernaut skeleton (Pan)
  4 reapers
  A quicksilver ooze (Slime:4)
  3 very ugly things
  3 formless jellyfish
  3 purple draconians
  3 black draconians
  3 green draconians
  A deep elf annihilator (Elf:3)
  2 white draconians
  4 yellow draconians
  A dire elephant (Vaults:1)
  2 spark wasps (Depths:1)
  2 war gargoyles
  A blizzard demon (Pan)
  2 yaktaur captains (Vaults:2)
  2 great orbs of eyes
  4 salamander tyrants
  A deep elf high priest (Vaults:5)
  A peacekeeper (Vaults:3)
  10 vault guards
  A rakshasa (Depths:3)
  2 ironbound frosthearts (Vaults:2)
  A spriggan air mage (Depths:4)
  2 two-headed ogres (Vaults:5)
  2 dancing weapons (Elf:2)
  2 centaur warriors (Vaults:2)
  A jorogumo (Pan)
  4 deep troll shamans
  5 hell hogs
  2 spriggan berserkers (Depths:3)
  4 deep troll earth magi
  2 sun demons
  A salamander mystic (Depths:1)
  A crystal echidna (Dis:4)
  5 hell knights
  A hellephant skeleton (Pan)
  2 sixfirhies
  3 iron trolls
  A shadow wraith (Tar:7)
  A glowing orange brain (Pan)
  20 deep trolls
  A shadow demon (Pan)
  4 arcanists
  An anaconda skeleton (Hell)
  4 ironbound convokers
  3 phantasmal warriors
  8 lindwurms
  6 orc knights
  2 shining eyes
  A wolf spider (Vaults:5)
  14 ugly things
  4 moths of wrath
  A salamander (Depths:1)
  An eye of devastation (Pan)
  2 vault sentinels
  2 unseen horrors (Zot:3)
  A large abomination (Pan)
  2 orange demons (Pan)
  4 hellions
  A tormentor (Dis:4)
  2 freezing wraiths (Hell)
  2 guardian mummies (Zot:3)
  10 yaktaurs
  2 hellwings (Pan)
  A red devil (Hell)
  A troll (Vaults:5)
  A hornet (Vaults:5)
  2 glass eyes
  54 slime creatures
  A water elemental (Depths:2)
  A basilisk (shapeshifter) (Vaults:2)
  4 neqoxecs
  5 golden eyes
  3 chaos spawn
  An ogre (Vaults:5)
  An orc priest (Vaults:5)
  6 starcursed masses (WizLab)
  3 hell rats (Hell)
  An aspiring flesh (Pan)
  4 butterflies (Zot:3)
  A fire vortex (Geh:2)
  3 starspawn tentacles (WizLab)
362 creatures vanquished.

Vanquished Creatures (others)
  3 dread liches (Zot:5)
  3 caustic shrikes (Dis:6)
  A hellephant (Geh:2)
  7 Orb Guardians
  A searing wretch (Geh:7)
  2 sphinxes
  An eldritch tentacle (Pan)
  A tengu reaver (Vaults:5)
  2 storm dragons
  A protean progenitor (Zot:1)
  A draconian knight (Zot:5)
  A fire giant (Depths:2)
  A rockslime (Slime:5)
  A deep elf sorcerer (Elf:3)
  A frost giant (Vaults:5)
  A vault warden (Vaults:2)
  A deep elf elementalist (Elf:3)
  2 draconian annihilators
  A draconian stormcaller (Zot:2)
  2 very ugly things (WizLab)
  2 formless jellyfish
  2 deep elf demonologists (Elf:3)
  A green draconian (Zot:2)
  2 red draconians
  A white draconian (Zot:3)
  A purple draconian (Zot:5)
  A fire dragon (Depths:2)
  A yaktaur captain (Vaults:2)
  4 vault guards
  A rakshasa (Depths:1)
  An ice dragon (Depths:1)
  An ironbound frostheart (Vaults:4)
  A hell beast (Pan)
  A satyr (Zot:1)
  A hell hog (Geh:6)
  A tengu warrior (Depths:2)
  A deep troll shaman (Depths:1)
  A demonic crawler (Spider:4)
  A spriggan berserker (Depths:3)
  3 hell knights (Depths:4)
  3 deep elf knights (Elf:2)
  An iron troll (Depths:1)
  A glowing orange brain (Depths:3)
  4 deep trolls
  2 arcanists
  2 ugly things (Depths:1)
  5 moths of wrath
  A meliai (Spider:2)
  4 vault sentinels
  A smoke demon (Pan)
  An orange demon (Depths:1)
  A hellion (Pan)
  A yaktaur (Vaults:2)
  A guardian mummy (Zot:3)
  A bloated husk (Swamp:3)
  6 slime creatures
  2 water elementals (Elf:3)
  2 humans (D:12)
  A chaos spawn (Pan)
  A swamp worm (Swamp:3)
  An aspiring flesh (Zot:1)
  3 ball lightnings (Pan)
  6 creeping infernos
  A fire vortex (Geh:3)
  12 foxfires
  A spectral weapon (Spider:3)
  8 starspawn tentacles (WizLab)
  3 tentacles (Hell)
138 creatures vanquished.

Grand Total: 3441 creatures vanquished

Notes
Turn   | Place    | Note
-------+----------+-------------------------------------------
     0 | D:1      | ragingrage the Felid Shapeshifter began the quest for the
                  | Orb.
     0 | D:1      | Reached XP level 1. HP: 10/10 MP: 2/2
    74 | D:1      | Reached skill level 1 in Stealth
   122 | D:1      | Reached XP level 2. HP: 14/14 MP: 3/3
   653 | D:2      | Found Tunlot's Jewellery Emporium.
   764 | D:2      | Found Raeme's Book Shoppe.
   911 | D:2      | Found Vuangi's Distillery.
  1025 | D:2      | Reached XP level 3. HP: 14/18 MP: 4/4
  1072 | D:2      | Found Pistrei's Antique Armour Shoppe.
  1080 | D:2      | Found Lachemer's Assorted Antiques.
  1088 | D:2      | Bought a smoky silvery potion for 24 gold pieces
  1088 | D:2      | Bought a murky puce potion for 24 gold pieces
  1088 | D:2      | Bought a scroll labelled GAMAMIULI for 27 gold pieces
  1088 | D:2      | Bought a fuming emerald potion for 24 gold pieces
  1222 | D:2      | You fall into a shaft and drop 2 floors!
  1359 | D:4      | Learned a level 2 spell: Jinxbite
  1381 | D:4      | Noticed an ogre
  1444 | D:3      | Reached skill level 1 in Hexes
  1444 | D:3      | Reached XP level 4. HP: 15/22 MP: 5/5
  1444 | D:3      | Gained a life (2 lives remaining)
  1598 | D:4      | HP: 1/22 [gnoll/+0 spear (4)]
  1882 | D:3      | Found a shimmering blue altar of Sif Muna.
  2020 | D:3      | Found Quir Kea's Weapon Shoppe.
  2058 | D:3      | Noticed a steam dragon
  2582 | D:3      | Found a hide-covered altar of Uskayaw.
  2593 | D:3      | Noticed Robin
  2644 | D:3      | Reached XP level 5. HP: 25/25 MP: 6/6
  2731 | D:3      | Killed Robin
  2742 | D:3      | Reached skill level 1 in Spellcasting
  2840 | D:3      | Found a faded altar of an unknown god.
  3206 | D:4      | Noticed an ogre
  3482 | D:4      | Learned a level 3 spell: Confusing Touch
  4145 | D:4      | Reached skill level 5 in Hexes
  4145 | D:4      | Gained mutation: You are covered in thick fur. (AC +2)
                  | [Felid growth]
  4145 | D:4      | Reached XP level 6. HP: 5/30 MP: 2/8
  4726 | D:5      | Entered Level 5 of the Dungeon
  4733 | D:5      | Reached XP level 7. HP: 24/33 MP: 6/9
  5095 | D:5      | Found a staircase to the Ecumenical Temple.
  5097 | D:5      | Reached skill level 10 in Hexes
  5273 | Temple   | Entered the Ecumenical Temple
  5666 | D:5      | Reached XP level 8. HP: 15/39 MP: 1/10
  5808 | D:5      | Found an ancient bone altar of Kikubaaqudgha.
  5887 | D:5      | Found a blossoming altar of Fedhas.
  5909 | D:6      | Reached skill level 5 in Dodging
  6245 | D:6      | Found a burning altar of Makhleb.
  6444 | D:6      | Found an ornate altar of the Wu Jian Council.
  6456 | D:6      | Reached skill level 5 in Unarmed Combat
  7029 | D:6      | Reached XP level 9. HP: 44/44 MP: 7/11
  7488 | D:7      | Identified the +2 robe of the Bagpipe {rPois Regen+ Str-4}
  7560 | D:7      | Noticed Menkaure
  7576 | D:7      | Killed Menkaure
  7620 | D:7      | Noticed Dowan
  7622 | D:7      | Noticed Duvessa
  7772 | D:7      | Killed Duvessa
  7778 | D:7      | Killed Dowan
  7941 | D:7      | Found an opulent altar of Gozag.
  7957 | D:7      | Became a worshipper of Gozag Ym Sagoz the Greedy
  8333 | D:7      | Noticed a troll
  8843 | D:7      | Found a sparkling altar of Nemelex Xobeh.
  8868 | D:7      | Found a basalt altar of Yredelemnul.
  9192 | D:7      | HP: 1/44 [orc/+0 whip (3)]
  9318 | D:7      | Killed a troll
  9738 | D:8      | Reached XP level 10. HP: 49/49 MP: 6/12
  9832 | D:8      | Found a broken altar of Ashenzari.
  9847 | D:8      | Found Keat's Antique Weapon Shop.
 10129 | D:8      | Noticed Psyche
 10182 | D:8      | Found a shimmering altar of Xom.
 10283 | D:8      | Killed Psyche
 10420 | D:8      | Noticed Joseph
 10449 | D:8      | Killed Joseph
 10450 | D:8      | Reached skill level 15 in Hexes
 10644 | D:7      | Reached skill level 1 in Evocations
 11513 | D:9      | Found a staircase to the Orcish Mines.
 12020 | D:9      | Found a sacrificial altar of Ru.
 12275 | D:9      | Reached skill level 10 in Unarmed Combat
 12452 | D:9      | Noticed a two-headed ogre
 12461 | D:9      | Killed a two-headed ogre
 12462 | D:9      | Reached XP level 11. HP: 52/52 MP: 13/13
 12472 | D:9      | Learned a level 7 spell: Enfeeble
 12491 | D:9      | Noticed Jeremiah
 12493 | D:9      | Killed Jeremiah
 12556 | D:10     | Entered Level 10 of the Dungeon
 12605 | D:10     | Noticed a two-headed ogre
 12615 | D:10     | Killed a two-headed ogre
 12616 | D:10     | Reached skill level 5 in Evocations
 12650 | D:10     | Noticed Shayle's ghost (journeyman CoAl)
 12655 | D:10     | Found a runed translucent door.
 12656 | D:10     | Found a staircase to the Lair.
 12773 | D:10     | Noticed a two-headed ogre
 12870 | D:10     | Killed a two-headed ogre
 13245 | D:10     | Found a hazy altar of Hepliaklqana.
 13405 | Lair:1   | Entered Level 1 of the Lair of Beasts
 13538 | Lair:1   | Slain by a komodo dragon
 13538 | Lair:1   | Lost a life (1 life remaining)
 13565 | Lair:1   | Reached skill level 5 in Shapeshifting
 13997 | Lair:1   | Found a runed translucent gate.
 13998 | Lair:1   | Found a runed translucent gate.
 13998 | Lair:1   | Found a runed translucent gate.
 13998 | Lair:1   | Noticed hikkokomori's ghost (journeyman CoWr)
 14002 | Lair:1   | Noticed Fractals's ghost (journeyman GrMo)
 14016 | Lair:1   | Noticed Amaemon
 14153 | Lair:1   | Killed Amaemon
 14346 | Lair:1   | Noticed jamsaran's ghost (journeyman TeSu)
 14346 | Lair:1   | Noticed Nyexeo's ghost (journeyman VSEn)
 14585 | D:2      | Bought a potion of heal wounds for 50 gold pieces
 14585 | D:2      | Bought a potion of haste for 100 gold pieces
 14585 | D:2      | Bought a potion of heal wounds for 50 gold pieces
 14585 | D:2      | Bought a potion of resistance for 100 gold pieces
 14585 | D:2      | Bought a potion of experience for 500 gold pieces
 14585 | D:2      | Bought a potion of degeneration for 10 gold pieces
 15537 | Lair:2   | Noticed Gastronok
 15547 | Lair:2   | Killed Gastronok
 15548 | Lair:2   | Reached skill level 5 in Stealth
 15669 | Lair:2   | Noticed a skyshark
 15680 | Lair:2   | Killed a skyshark
 15865 | Lair:1   | Gained mutation: Your thick and shaggy fur keeps you warm.
                  | (AC +3, rC+) [Felid growth]
 15865 | Lair:1   | Reached XP level 12. HP: 48/58 MP: 19/19
 15865 | Lair:1   | Gained a life (2 lives remaining)
 15941 | Lair:2   | Noticed an eight-headed hydra
 15952 | Lair:2   | Killed an eight-headed hydra
 16417 | Lair:2   | Found a hole to the Spider Nest.
 16580 | Lair:2   | Slain by a komodo dragon
 16580 | Lair:2   | Lost a life (1 life remaining)
 16688 | Lair:2   | Noticed a five-headed hydra
 16862 | Lair:2   | Reached skill level 5 in Fighting
 18120 | Lair:3   | Found the +8 longbow "Zephyr" {speed, Dex+3 SInv}
 18136 | Lair:3   | Reached skill level 5 in Spellcasting
 18432 | Lair:3   | Noticed a death yak
 18433 | Lair:3   | Noticed a death yak
 18433 | Lair:3   | Noticed a death yak
 18434 | Lair:3   | Noticed a death yak
 18466 | Lair:2   | Mangled by a death yak
 18466 | Lair:2   | Lost a life (0 lives remaining)
 18483 | Lair:2   | Reached XP level 13. HP: 67/67 MP: 21/21
 18483 | Lair:2   | Gained a life (1 life remaining)
 20276 | Lair:2   | Found a hole to the Spider Nest.
 20917 | Lair:2   | Found a staircase to the Swamp.
 22260 | Lair:3   | Reached XP level 14. HP: 72/72 MP: 22/22
 22260 | Lair:3   | Gained a life (2 lives remaining)
 23412 | Lair:4   | Found a viscous altar of Jiyva.
 23415 | Lair:4   | Identified 2 scrolls of acquirement
 23422 | Lair:4   | Found a staircase to the Slime Pits.
 23918 | Lair:4   | Acquired a manual of Shapeshifting
 23936 | Slime:1  | Entered Level 1 of the Pits of Slime
 23963 | Lair:5   | Entered Level 5 of the Lair of Beasts
 24973 | Lair:5   | Reached skill level 10 in Shapeshifting
 26885 | Lair:5   | Slain by a dream sheep
 26885 | Lair:5   | Lost a life (1 life remaining)
 28263 | Lair:4   | Reached XP level 15. HP: 51/77 MP: 12/23
 28589 | Orc:1    | Entered Level 1 of the Orcish Mines
 28847 | Orc:2    | Entered Level 2 of the Orcish Mines
 29184 | Orc:2    | Found Fugazx Gyal's Magic Scroll Shoppe.
 29193 | Orc:2    | Found Sunuan's General Store.
 30069 | Orc:2    | Bought a scroll of fog for 40 gold pieces
 30726 | Orc:2    | Found a staircase to the Elven Halls.
 31090 | Orc:2    | Slain by a troll
 31090 | Orc:2    | Lost a life (0 lives remaining)
 33054 | Orc:2    | Found Hiloran's Jewellery Shop.
 33054 | Orc:2    | Found Mihybit's Antique Armour Boutique.
 33055 | Orc:2    | Found a one-way gate leading to the halls of Pandemonium.
 33214 | Orc:2    | Found a runed translucent gate.
 33214 | Orc:2    | Found a runed translucent gate.
 33215 | Orc:2    | Found a runed translucent gate.
 33216 | Orc:2    | Noticed olmar's ghost (journeyman MDFi)
 33433 | Orc:2    | Found a staircase to the Elven Halls.
 33517 | Orc:2    | Found Sunuan's General Store.
 33520 | Orc:2    | Found Fugazx Gyal's Magic Scroll Shoppe.
 33960 | Orc:2    | Found Hiloran's Jewellery Shop.
 33960 | Orc:2    | Found Mihybit's Antique Armour Boutique.
 33961 | Orc:2    | Found a one-way gate leading to the halls of Pandemonium.
 34321 | Orc:1    | Found Xoes's Armour Boutique.
 34576 | Orc:1    | Found Xoxuhiuv's Self-Improvement Boutique.
 34586 | Orc:1    | Bought a manual of Fighting for 1040 gold pieces
 34841 | Orc:1    | Bought a manual of Stealth for 1040 gold pieces
 35254 | D:11     | Noticed Erica
 35262 | D:11     | Killed Erica
 35722 | D:11     | Identified the +9 long sword of Buytavi {flame, rN+ Str+7}
 36413 | D:12     | Noticed Kirke
 36513 | D:12     | Killed Kirke
 36872 | D:12     | Found an ornate altar of the Wu Jian Council.
 37003 | D:12     | Noticed Urug
 37010 | D:12     | Reached skill level 10 in Fighting
 37018 | D:12     | Killed Urug
 38329 | D:13     | Noticed Frances
 38338 | D:13     | Killed Frances
 39106 | D:13     | Reached skill level 10 in Stealth
 39384 | D:14     | Reached XP level 16. HP: 58/87 MP: 12/24
 39384 | D:14     | Gained a life (1 life remaining)
 40510 | D:2      | Bought a blade talisman for 330 gold pieces
 40679 | D:3      | Noticed Sigmund
 40687 | D:3      | Killed Sigmund
 42262 | D:14     | Found a gate to the Vaults.
 42707 | D:15     | Entered Level 15 of the Dungeon
 43477 | D:15     | Found a staircase to the Depths.
 45420 | Spider:1 | Entered Level 1 of the Spider Nest
 45588 | Lair:2   | Succumbed to a redback's poison
 45588 | Lair:2   | Lost a life (0 lives remaining)
 46050 | Swamp:1  | Entered Level 1 of the Swamp
 46050 | Swamp:1  | Found a bloodstained altar of Trog.
 46129 | Lair:2   | Reached skill level 15 in Shapeshifting
 46944 | Swamp:1  | Noticed Donald
 47132 | Spider:1 | Learned a level 5 spell: Yara's Violent Unravelling
 47191 | Spider:1 | Identified the +2 leather armour of Dishonour {rF++}
 47192 | Spider:1 | Acquired 801 gold pieces
 47194 | Spider:1 | Acquired a manual of Dodging
 49701 | Spider:2 | Reached XP level 17. HP: 98/98 MP: 25/25
 50519 | Spider:2 | Reached skill level 15 in Dodging
 50532 | Spider:2 | Noticed Azrael
 50536 | Spider:2 | Killed Azrael
 50837 | Spider:2 | Reached skill level 15 in Fighting
 51420 | Spider:3 | Noticed Arachne
 51746 | Spider:3 | Noticed Asterion
 51846 | Spider:3 | Killed Asterion
 52645 | Spider:3 | Killed Arachne
 53330 | Spider:4 | Entered Level 4 of the Spider Nest
 53372 | Spider:4 | Reached skill level 15 in Stealth
 54092 | Spider:4 | Reached XP level 18. HP: 104/104 MP: 26/26
 55488 | Spider:4 | Got a gossamer rune of Zot
 55584 | Spider:4 | Learned a level 3 spell: Passwall
 55615 | Spider:4 | Identified the +0 pair of boots of Beyond {rN++ Int+4}
 55883 | Lair:2   | Killed Donald
 56152 | Swamp:2  | Found a runed translucent door.
 56153 | Swamp:2  | Found a shimmering altar of Xom.
 56153 | Swamp:2  | Noticed Soafokuo's ghost (journeyman FeDe)
 56346 | Swamp:2  | Reached skill level 1 in Earth Magic
 57022 | Swamp:3  | Learned a level 3 spell: Fugue of the Fallen
 57461 | Swamp:4  | Entered Level 4 of the Swamp
 57485 | Swamp:3  | Reached skill level 1 in Necromancy
 58078 | Swamp:4  | Got a decaying rune of Zot
 58118 | Swamp:4  | Learned a level 2 spell: Blink
 58146 | Swamp:4  | Reached XP level 19. HP: 108/108 MP: 13/27
 58146 | Swamp:4  | Gained a life (1 life remaining)
 58333 | Swamp:4  | Reached skill level 1 in Translocations
 58808 | D:10     | Killed Shayle's ghost
 58809 | D:10     | Reached skill level 1 in Alchemy
 58857 | Lair:1   | Killed Nyexeo's ghost
 58864 | Lair:1   | Killed jamsaran's ghost
 58869 | Lair:1   | Killed Fractals's ghost
 58872 | Lair:1   | Killed hikkokomori's ghost
 58892 | Lair:1   | Got the Directory of Weathered Bewitchment
 58911 | Lair:1   | Learned a level 8 spell: Discord
 59047 | Elf:1    | Entered Level 1 of the Elven Halls
 60071 | Elf:2    | Found a runed translucent gate.
 60071 | Elf:2    | Found a runed translucent gate.
 60071 | Elf:2    | Found a runed translucent gate.
 60626 | Elf:2    | Found Zojitseth's Jewellery Emporium.
 60821 | Elf:2    | Bought a ring of protection from fire for 425 gold pieces
 60831 | Elf:3    | Entered Level 3 of the Elven Halls
 60864 | Elf:3    | Noticed Roxanne
 61290 | Elf:3    | Identified the +2 flail of the Doomed Warrior {venom, rN+
                  | Str+3}
 61412 | Elf:3    | Identified the amulet "Xuly" {Regen+ Int+2 Dex+2}
 61758 | Elf:3    | Identified the +7 hand axe of Watchfulness {pain, Will+
                  | Str-4 Int+2 Stlth+}
 62326 | Elf:3    | Identified the orb of the Devil {light, Harm *Corrode Will+
                  | Regen+}
 62326 | Elf:3    | Identified the ring of Himmeom {Fly rF- Str+10 SInv Stlth-}
 62564 | Elf:3    | Identified the ring "Pasoas" {rC+ Int+3 SInv}
 62828 | Elf:3    | Identified the +5 hand axe "Noypp" {flame, rF- Dex+5
                  | Stlth+}
 63385 | Elf:3    | Found the +18 shield of the Gong {Loud rN+ Will+ rCorr
                  | EV-5}
 63398 | Elf:3    | Identified the +10 flail "Giuddaick" {flame, Str+3 Int+3}
 63415 | Elf:3    | Noticed Bai Suzhen
 63704 | Elf:3    | Killed Bai Suzhen
 63843 | Elf:3    | Got the Tractate on Mutual Subspace
 63975 | Elf:3    | Found a radiant altar of Vehumet.
 64149 | Elf:3    | Reached skill level 5 in Necromancy
 64537 | Elf:3    | Killed Roxanne
 64656 | Elf:3    | Found Plog's Book Shop.
 65017 | Vaults:1 | Entered Level 1 of the Vaults
 65034 | Vaults:1 | Reached XP level 20. HP: 114/114 MP: 23/30
 65255 | Vaults:1 | Found a magical portal.
 65278 | WizLab   | Entered Lehudib's Moon Base
 65792 | WizLab   | Found a transporter.
 65941 | WizLab   | Found a transporter.
 66621 | WizLab   | Identified the amulet of Logixuim {RegenMP+ rCorr}
 66650 | WizLab   | Got Lehudib's Folio of the Caves and Translocation
 66766 | WizLab   | Identified the +3 hat "Vusexahic" {rF+ SInv}
 67967 | Vaults:2 | Reached skill level 15 in Unarmed Combat
 68165 | Vaults:2 | Found Oxaos's Jewellery Shoppe.
 68299 | Vaults:2 | Found a portal to a secret trove of treasure.
 68986 | Vaults:2 | Reached XP level 21. HP: 118/118 MP: 31/31
 69508 | D:2      | Bought the +5 robe of Night {Dark Will+ SInv} for 1560 gold
                  | pieces
 69508 | D:2      | Found the +5 robe of Night {Dark Will+ SInv}
 69896 | Vaults:2 | You paid a toll of the robe of Night to enter a treasure
                  | trove
 69897 | Trove    | Entered a treasure trove
 69927 | Trove    | Got Sif Muna's Notes on Mischance
 69931 | Trove    | Got Agrijusi's Disquisition on Portals and Mischance
 69933 | Trove    | Got Sif Muna's Spellbook of Kindled Finality
 69954 | Trove    | Identified the ring "Ytagriut" {Fire Str+2 Int+3}
 70189 | Vaults:3 | Found a staircase to the Crypt.
 70983 | Vaults:3 | Found Foumm's Weapon Emporium.
 71015 | Vaults:3 | Noticed Sojobo
 71024 | Vaults:3 | Killed Sojobo
 71521 | Vaults:3 | Identified the orb of the Catfish {*channel, rCorr Tloc}
 71521 | Vaults:3 | Noticed Frederick
 71535 | Vaults:3 | Killed Frederick
 71745 | Vaults:3 | Found Wegixkott's Armour Shoppe.
 71747 | Vaults:3 | Identified the +4 robe "Umyng" {-Cast rN++ Dex+2}
 71747 | Vaults:3 | Noticed Boris
 71759 | Vaults:3 | Killed Boris
 72073 | Vaults:4 | Found a flickering gateway to a bazaar.
 72081 | Bazaar   | Entered a bazaar
 72081 | Bazaar   | Found Xeewkaj's Antique Armour Shop.
 72081 | Bazaar   | Found Mabedoj's Distillery.
 72081 | Bazaar   | Found Wukaf's Book Boutique.
 72081 | Bazaar   | Found Diepn's General Store.
 72095 | Bazaar   | Bought Sif Muna's Book of Telluric Malignant Magic for 484
                  | gold pieces
 72095 | Bazaar   | Bought Maxwell's Memoranda for 440 gold pieces
 72099 | Bazaar   | Bought a potion of heal wounds for 55 gold pieces
 72099 | Bazaar   | Bought a potion of heal wounds for 55 gold pieces
 72099 | Bazaar   | Bought a potion of heal wounds for 55 gold pieces
 72099 | Bazaar   | Bought a potion of berserk rage for 55 gold pieces
 72099 | Bazaar   | Bought a potion of curing for 33 gold pieces
 72099 | Bazaar   | Bought a potion of haste for 110 gold pieces
 72112 | Vaults:4 | Learned a level 4 spell: Vhi's Electric Charge
 72546 | Vaults:4 | Reached skill level 1 in Air Magic
 72669 | Vaults:4 | Reached skill level 5 in Translocations
 73521 | Depths:1 | Entered Level 1 of the Depths
 73830 | Depths:1 | Found a one-way gateway to a ziggurat.
 73832 | Depths:1 | Found a one-way gate to the infinite horrors of the Abyss.
 74027 | Depths:1 | Found a gateway to Hell.
 74357 | Depths:1 | Reached XP level 22. HP: 123/123 MP: 20/32
 74357 | Depths:1 | Gained a life (2 lives remaining)
 74687 | Depths:1 | Found Tamilun's Antique Armour Emporium.
 74867 | Depths:2 | Acquired a manual of Evocations
 74983 | Depths:2 | Found Zump's Distillery.
 74992 | Depths:2 | Bought a potion of heal wounds for 80 gold pieces
 74992 | Depths:2 | Bought a potion of invisibility for 128 gold pieces
 75340 | Depths:2 | Identified the ring of Ujoghais {rF+ rC- Str+2 Dex+5}
 75955 | Depths:3 | Found a transporter.
 75980 | Depths:3 | Found a transporter.
 76078 | Depths:3 | Found a runed translucent gate.
 76078 | Depths:3 | Found a runed translucent gate.
 76080 | Depths:3 | Found a runed translucent gate.
 76080 | Depths:3 | Noticed Gryn's ghost (veteran AtWr)
 76085 | Depths:3 | Found the +3 greatsling "Punk" {acid, rCorr}
 76466 | Depths:3 | Found a transporter.
 76503 | Depths:3 | Found a transporter.
 76881 | Depths:3 | Noticed a golden dragon
 76904 | Depths:3 | Noticed a juggernaut
 76918 | Depths:3 | Killed a juggernaut
 76919 | Depths:3 | Reached skill level 10 in Evocations
 76975 | Depths:3 | Killed a golden dragon
 77175 | Depths:3 | Identified the ring of Jiqe {*Slow rPois rN++ Int+3 Dex+6}
 77257 | Depths:3 | Noticed a golden dragon
 77268 | Depths:3 | Killed a golden dragon
 77438 | Depths:3 | Identified the ring of Devotion {*Corrode rF+ MP+9 Int+7
                  | Dex-2}
 77633 | Depths:4 | Entered Level 4 of the Depths
 78387 | Depths:4 | Found a gate to the Realm of Zot.
 79180 | Vaults:5 | Entered Level 5 of the Vaults
 79199 | Vaults:5 | Reached XP level 23. HP: 125/128 MP: 34/34
 79203 | Vaults:5 | Got a silver rune of Zot
 79252 | Vaults:5 | Noticed a dread lich
 79261 | Vaults:5 | Killed a dread lich
 79778 | Vaults:5 | Identified the +4 halberd of Fear {venom, ^Drain rPois rF-
                  | rN+++}
 80109 | Vaults:5 | Identified the +10 war axe of the Eight Deaths {spect,
                  | Int+2}
 80208 | Vaults:5 | Identified the +5 war axe "Ruomun" {freeze, Int+4}
 80374 | Vaults:5 | Reached skill level 10 in Translocations
 80382 | Vaults:5 | Identified the ring "Pias" {+Blink rN+ Str+2 Int+4}
 81038 | Vaults:5 | Identified the ring of Penoqeik {rF+ Str+2 Dex+3}
 81097 | Vaults:5 | Found Tuifomen's Antique Armour Boutique.
 81621 | Vaults:5 | Identified the +0 ring mail of Decompression {Harm Regen+
                  | MP+9 Slay-3}
 81955 | Vaults:5 | Noticed a dread lich
 81964 | Vaults:5 | Killed a dread lich
 82035 | Vaults:5 | Found Tuifomen's Antique Armour Boutique.
 82942 | Vaults:2 | Bought a ring of resist corrosion for 260 gold pieces
 83227 | Lair:4   | Learned a level 6 spell: Death Channel
 83247 | Slime:1  | Reached skill level 15 in Evocations
 85587 | Slime:4  | Reached XP level 24. HP: 107/133 MP: 21/36
 85590 | Slime:4  | Gained mutation: Your flesh is cold resistant. (rC+) [a
                  | shining eye]
 85864 | Slime:5  | Entered Level 5 of the Pits of Slime
 86034 | Slime:5  | Noticed the Royal Jelly
 86091 | Slime:4  | Reached skill level 10 in Necromancy
 86485 | Slime:5  | Gained mutation: You are vulnerable to heat. (rF-) [a
                  | shining eye]
 86966 | Slime:5  | Killed the Royal Jelly
 87353 | Slime:5  | Got a slimy rune of Zot
 87433 | Slime:5  | Got Owaecoen's Meditations on Tenebrous Orogeny
 87436 | Slime:5  | Got the Atlas of Stygian Ouranomancy
 87439 | Slime:5  | Identified the +2 shortbow "Nuter" {flame, *Corrode Fly
                  | rElec Int+5}
 87483 | Slime:5  | Identified the ring "Boykhlem" {Ice Will+ Str+2 Stlth+}
 88436 | Swamp:2  | Killed Soafokuo's ghost
 88691 | Orc:2    | Killed olmar's ghost
 89115 | Zot:1    | Entered Level 1 of the Realm of Zot
 89877 | Zot:1    | Found an opulent altar of Gozag.
 91274 | Zot:2    | Reached XP level 25. HP: 121/137 MP: 23/36
 92199 | Zot:3    | Found a large runed translucent door.
 92201 | Zot:3    | Found a large runed translucent door.
 92291 | Zot:3    | Noticed a Killer Klown
 92292 | Zot:3    | Identified the +8 battleaxe of the Unseen Realm {chaos,
                  | Str+2 Int+3}
 92292 | Zot:3    | Identified the +8 chain mail of Usyumum {+Blink rCorr SInv}
 92292 | Zot:3    | Identified the +1 battleaxe of Hoipail {chaos, rN+ Int+3
                  | Dex+4}
 92292 | Zot:3    | Identified the +1 chain mail of Eternity {+Blink rF+++
                  | Dex-4}
 92304 | Zot:3    | Killed a Killer Klown
 92312 | Zot:3    | Noticed a Killer Klown
 92326 | Zot:3    | Killed a Killer Klown
 92337 | Zot:3    | Found a large runed translucent door.
 92337 | Zot:3    | Found a large runed translucent door.
 92337 | Zot:3    | Found a shimmering altar of Xom.
 92372 | Zot:3    | Found a large runed translucent door.
 92372 | Zot:3    | Found a large runed translucent door.
 92372 | Zot:3    | Found a large runed translucent door.
 92372 | Zot:3    | Found a large runed translucent door.
 92372 | Zot:3    | Noticed a Killer Klown
 92372 | Zot:3    | Identified the +2 hand cannon "Ximiakuq" {chaos, rC- rCorr
                  | Str+2}
 92372 | Zot:3    | Identified the +0 dire flail of the Threshing Big Fish
                  | {chaos, *Corrode rPois Will+}
 92372 | Zot:3    | Identified the +3 robe of Joef {Int+4}
 92381 | Zot:3    | Killed a Killer Klown
 92402 | Zot:3    | Identified the +7 glaive of the Shimmering Gods {chaos,
                  | Dex+4}
 92402 | Zot:3    | Identified the +1 ring mail of the Moon Troll {Rampage
                  | Str+4}
 92416 | Zot:3    | Noticed a Killer Klown
 92417 | Zot:3    | Identified the +5 great sword of Qaxat {chaos, rN+ Str+4
                  | Dex+2}
 92417 | Zot:3    | Identified the +0 scale mail of Veuqopika {-Cast Harm Str+6
                  | Dex-3}
 92418 | Zot:3    | Noticed a Killer Klown
 92432 | Zot:3    | Killed a Killer Klown
 92625 | Zot:3    | Killed a Killer Klown
 93513 | Zot:4    | Acquired 691 gold pieces
 93972 | Zot:5    | Entered Level 5 of the Realm of Zot
 95105 | Zot:5    | Noticed a dread lich
 95132 | Zot:5    | Killed a dread lich
 95522 | Zot:5    | Noticed a Killer Klown
 95534 | Zot:5    | Killed a Killer Klown
 95834 | Zot:5    | Noticed an orb of fire
 95849 | Zot:5    | Gained mutation: You are frail. (-10% HP) [an orb of fire]
 95852 | Zot:5    | Gained mutation: Your magical capacity is low. (-10% MP)
                  | [an orb of fire]
 95855 | Zot:5    | Killed an orb of fire
 95894 | Zot:5    | Lost mutation: Your flesh is cold resistant. (rC+) [potion
                  | of mutation]
 95894 | Zot:5    | Lost mutation: Your magical capacity is low. (-10% MP)
                  | [potion of mutation]
 95894 | Zot:5    | Lost mutation: You are vulnerable to heat. (rF-) [potion of
                  | mutation]
 95894 | Zot:5    | Gained mutation: You are occasionally teleported next to
                  | monsters. [potion of mutation]
 95895 | Zot:5    | Lost mutation: You are occasionally teleported next to
                  | monsters. [potion of mutation]
 95895 | Zot:5    | Lost mutation: You are frail. (-10% HP) [potion of
                  | mutation]
 95895 | Zot:5    | Gained mutation: Your muscles are strong. (Str +4, Int/Dex
                  | -1) [potion of mutation]
 95895 | Zot:5    | Gained mutation: You are vulnerable to cold. (rC-) [potion
                  | of mutation]
 95895 | Zot:5    | Gained mutation: Potions are less effective at restoring
                  | your health. [potion of mutation]
 95895 | Zot:5    | Gained mutation: Your spells are a little harder to cast,
                  | but a little more powerful. [potion of mutation]
 95956 | Zot:5    | Noticed an orb of fire
 95968 | Zot:5    | Noticed a Killer Klown
 95978 | Zot:5    | Killed an orb of fire
 95981 | Zot:5    | Killed a Killer Klown
 96342 | Depths:3 | Voluntarily entered the Abyss.
 96342 | Abyss:1  | Found a corrupted altar of Lugonu.
 96389 | Abyss:1  | Found a corrupted altar of Lugonu.
 96671 | Abyss:3  | Found a corrupted altar of Lugonu.
 96684 | Abyss:4  | Found a corrupted altar of Lugonu.
 96706 | Abyss:4  | Found a corrupted altar of Lugonu.
 96948 | Abyss:4  | Reached XP level 26. HP: 146/146 MP: 36/36
 96971 | Abyss:4  | Engulfed by a weeping skull's excruciating misery
 96971 | Abyss:4  | Lost a life (1 life remaining)
 97013 | Abyss:4  | Got an abyssal rune of Zot
 97045 | Depths:3 | Escaped the Abyss
 97220 | Depths:3 | Killed Gryn's ghost
 98812 | Pan      | Entered Pandemonium
 98818 | Pan      | HP: 1/147 [Ice Fiend (40)]
 99008 | Pan      | Learned a level 4 spell: Manifold Assault
 99025 | Pan      | Noticed Uqivexta the pandemonium lord
 99226 | Pan      | Killed Uqivexta the pandemonium lord
 99851 | Pan      | Identified the +1 chain mail "Vokhlahad" {rPois rF+ rN+
                  | Will-}
 99853 | Pan      | Got a demonic rune of Zot
 99854 | Pan      | Identified the +7 mace of Atohyo {venom, rN+ Stlth+}
 99929 | Pan      | Found an exit through the horrors of the Abyss.
100395 | Pan      | Reached skill level 27 in Hexes
100807 | Pan      | Noticed Hiatituc the pandemonium lord
100978 | Pan      | Killed Hiatituc the pandemonium lord
102137 | Pan      | Found a runed translucent door.
102363 | Pan      | Noticed Puwooceq the pandemonium lord
102383 | Pan      | Entered the realm of Lom Lobon.
102775 | Pan      | Found an exit through the horrors of the Abyss.
103569 | Pan      | Noticed Lom Lobon
103658 | Pan      | Killed Lom Lobon
103681 | Pan      | Got a magical rune of Zot
104050 | Pan      | Entered the realm of Gloorx Vloq.
104050 | Pan      | Noticed Gloorx Vloq
104062 | Pan      | Reached XP level 27. HP: 27/154 MP: 27/36
104062 | Pan      | Gained a life (2 lives remaining)
104062 | Pan      | HP: 6/154 [Executioner (3)]
104062 | Pan      | Slain by Gloorx Vloq
104062 | Pan      | Lost a life (1 life remaining)
105361 | Pan      | Killed Gloorx Vloq
105514 | Pan      | Got a dark rune of Zot
105658 | Pan      | Entered the realm of Cerebov.
105791 | Pan      | Identified the amulet "Nyckiroi" {Harm RegenMP+ Str+2}
105801 | Pan      | Got Buqaul's Notes on Azure Takwin
105929 | Pan      | Identified the +6 quarterstaff "Neelaqaha" {elec, Int+2}
106193 | Pan      | Reached skill level 1 in Fire Magic
106529 | Pan      | Reached skill level 5 in Fire Magic
106644 | Pan      | Got the Compilation of Algid Kinetic Energy
106667 | Pan      | Found the +6 sword of Cerebov {flame}
106667 | Pan      | Noticed Cerebov
106703 | Pan      | Killed Cerebov
106811 | Pan      | Got a fiery rune of Zot
106857 | Pan      | Identified the +0 scale mail of Nihilism {+Blink rF+}
106860 | Pan      | Identified the staff of Disembowelment {rElec rPois Int+3
                  | Dex-5 SInv Alchemy}
107047 | Pan      | Found an exit through the horrors of the Abyss.
107051 | Pan      | Reached skill level 10 in Fire Magic
107658 | Pan      | Found an exit through the horrors of the Abyss.
107661 | Pan      | Entered the realm of Mnoleg.
107685 | Pan      | Gained mutation: You do not regenerate when monsters are
                  | visible. [a cacodemon]
107692 | Pan      | Noticed Mnoleg
107812 | Pan      | Gained a life (2 lives remaining)
107886 | Pan      | Lost mutation: You are vulnerable to cold. (rC-) [potion of
                  | mutation]
107886 | Pan      | Lost mutation: Potions are less effective at restoring your
                  | health. [potion of mutation]
107886 | Pan      | Gained mutation: You are frail. (-10% HP) [potion of
                  | mutation]
107886 | Pan      | Gained mutation: Your flesh is cold resistant. (rC+)
                  | [potion of mutation]
107887 | Pan      | Lost mutation: You do not regenerate when monsters are
                  | visible. [potion of mutation]
107887 | Pan      | Lost mutation: Your flesh is cold resistant. (rC+) [potion
                  | of mutation]
107887 | Pan      | Lost mutation: Your muscles are strong. (Str +4, Int/Dex
                  | -1) [potion of mutation]
107887 | Pan      | Gained mutation: You are partially covered in iridescent
                  | scales. (AC +2) [potion of mutation]
107914 | Pan      | Gained mutation: Your muscles are strong. (Str +4, Int/Dex
                  | -1) [a cacodemon]
107942 | Pan      | Gained mutation: You occasionally lose the ability to drink
                  | potions when taking damage. [a cacodemon]
107953 | Pan      | Gained mutation: You are vulnerable to cold. (rC-) [a
                  | neqoxec]
108067 | Pan      | Killed Mnoleg
108088 | Pan      | Identified the ring "Tifet" {rF+ Str+2 Int+3}
108111 | Pan      | Got a glowing rune of Zot
108234 | Pan      | Found an exit through the horrors of the Abyss.
108244 | Pan      | Took an exit into the Abyss.
108244 | Abyss:4  | Escaped into the Abyss
108248 | Abyss:4  | Found a corrupted altar of Lugonu.
108316 | Depths:4 | Escaped the Abyss
108339 | Hell     | Entered the Vestibule of Hell
108339 | Hell     | Noticed Geryon
108357 | Hell     | Killed Geryon
108385 | Hell     | Reached skill level 10 in Spellcasting
108772 | Hell     | Found a gateway to the Iron City of Dis.
108821 | Hell     | Found a gateway to the freezing wastes of Cocytus.
108993 | Hell     | Found a gateway to the decaying netherworld of Tartarus.
109108 | Hell     | Found a gateway to the ashen valley of Gehenna.
109279 | Tar:1    | Entered Level 1 of Tartarus
109527 | Tar:1    | Learned a level 8 spell: Ignition
109995 | Tar:3    | You are sucked into a shaft and drop 1 floor!
111020 | Tar:7    | Entered Level 7 of Tartarus
111148 | Tar:7    | Noticed a dread lich
111153 | Tar:7    | Killed a dread lich
111189 | Tar:7    | Noticed a dread lich
111198 | Tar:7    | Noticed an ancient lich
111204 | Tar:7    | Killed a dread lich
111205 | Tar:7    | Reached skill level 15 in Fire Magic
111209 | Tar:7    | Killed an ancient lich
111727 | Tar:7    | Identified the ring of Bousch {rC+ rCorr Str+9 Int-5 Dex-4}
111734 | Tar:7    | Identified the +2 short sword of Adverse Possession {pain,
                  | +Blink Str+4 Int+2}
112217 | Tar:7    | Identified the +7 plate armour "Hovvucs" {Dex+3}
112612 | Tar:7    | Noticed Ereshkigal
112631 | Tar:7    | Reached skill level 5 in Air Magic
112644 | Tar:7    | Killed Ereshkigal
112671 | Tar:7    | Got a bone rune of Zot
112797 | Geh:1    | Entered Level 1 of Gehenna
115625 | Geh:7    | Entered Level 7 of Gehenna
116053 | Geh:7    | Noticed a dread lich
116088 | Geh:7    | Killed a dread lich
116190 | Geh:7    | Noticed the Serpent of Hell
116201 | Geh:7    | Killed the Serpent of Hell
116449 | Geh:7    | Noticed an ancient lich
116456 | Geh:7    | Killed an ancient lich
116470 | Geh:7    | Reached skill level 27 in Dodging
116812 | Geh:7    | Identified the +1 helmet of a Labyrinth {Will+ Dex+2}
116821 | Geh:7    | Identified the +0 robe "Enecuq" {rN+ Str+4}
116823 | Geh:7    | Got Addestre's Volume of the Coals and the Familiar
116899 | Geh:7    | Found the +13 sceptre of Asmodeus
116899 | Geh:7    | Noticed Asmodeus
116927 | Geh:7    | Killed Asmodeus
117033 | Geh:7    | Got an obsidian rune of Zot
117254 | Dis:1    | Entered Level 1 of the Iron City of Dis
117523 | Dis:2    | Noticed an ancient lich
117538 | Dis:2    | Killed an ancient lich
119595 | Dis:5    | Noticed an ancient lich
119599 | Dis:5    | Killed an ancient lich
119621 | Dis:6    | Killed from afar by a Hell Sentinel
119621 | Dis:6    | Lost a life (1 life remaining)
119802 | Dis:6    | Lost mutation: You are frail. (-10% HP) [potion of
                  | mutation]
119802 | Dis:6    | Lost mutation: Your spells are a little harder to cast, but
                  | a little more powerful. [potion of mutation]
119802 | Dis:6    | Gained mutation: Your mind is acute. (Int +4, Str/Dex -1)
                  | [potion of mutation]
119802 | Dis:6    | Gained mutation: You have very sharp fingernails. [potion
                  | of mutation]
119804 | Dis:7    | Entered Level 7 of the Iron City of Dis
120213 | Dis:7    | HP: 1/153 [Hell Sentinel/damnation (33)]
120213 | Dis:7    | Demolished by a Hell Sentinel
120213 | Dis:7    | Lost a life (0 lives remaining)
120452 | Zot:5    | Noticed a dread lich
120453 | Zot:5    | Noticed a dread lich
120462 | Zot:5    | Killed an ancient lich
120643 | Zot:5    | Reached skill level 27 in Unarmed Combat
120648 | Zot:5    | Got the Orb of Zot
120693 | Zot:5    | Killed a dread lich
121003 | D:12     | Noticed Bulihout the pandemonium lord
121295 | D:$      | Escaped with the Orb!

Illustrated notes

Levels and vault maps discovered:
D:1:      mrwooster_arrival_statue_3, layout_rooms, dreamdust_wishing_well,
          chequers_serial_rivers_room_a
D:2:      layout_loops_ring, serial_shops, nicolae_shop_gibbet_a_chance, shop,
          shop, shop, shop, dreamdust_princess_bridge
D:3:      layout_basic, hellmonk_sif_muna_bookshelves,
          mainiacjoe_overflow_tiny_flanked, serial_shops,
          nicolae_shop_hallway_plus, shapermc_ecumenical_altar_notcrosses,
          minmay_circle_x, uniq_sigmund, uniq_robin
D:4:      layout_cave_pods
D:5:      layout_rooms, mainiacjoe_overflow_alcove_4, kennysheep_little_box,
          minmay_temple_entry_nine_rooms, nicolae_tricolors
D:6:      layout_basic, makhleb_heckhound_becter,
          mainiacjoe_overflow_surrounded_room
D:7:      layout_rooms, lemuel_doored_altar, mainiacjoe_overflow_boulevard,
          nicolae_overflow_hidden_temple, uniq_menkaure, uniq_duvessa
D:8:      layout_gridville, mainiacjoe_overflow_concentric_impassable,
          brannock_xom_greatest_gift, serial_shops,
          nicolae_shop_overgrown_old_shop, uniq_psyche, uniq_joseph
D:9:      layout_roguey, nicolae_ru_sacrificial_ziggurat, orc_0_dummy,
          uniq_jeremiah
D:10:     layout_roguey, nicolae_hepliaklqana_hippocampus,
          hellmonk_ghost_happy_afterlife
D:11:     layout_roguey, uniq_erica
D:12:     layout_stronghold, nicolae_wu_jian_wuxing_cycle, uniq_kirke, uniq_urug
D:13:     layout_basic, uniq_frances
D:14:     layout_loops_ring, hangedman_vaults_entry_quadrant_bands,
          serial_demonic, serial_demonic_d, serial_demonic_c, serial_demonic_d,
          serial_demonic_e, serial_library_hellmonk_filled_rooms
D:15:     hellmonk_depths_entry_around_the_bend, layout_small_grid,
          roderic_lattice_a
Temple:   nicolae_temple_bog_church
Lair:1:   layout_gridlike, gammafunk_ghost_cemetery, uniq_amaemon
Lair:2:   layout_chaotic_city, palyth_hydra_swamp_entry,
          spider_nest_entry_funnel_web, minivault_25, grunt_megastairs_4,
          serial_bayou_shore_a, uniq_gastronok
Lair:3:   layout_regular_city, chequers_serial_rivers_micro_b, minivault_19,
          worms_lemuel
Lair:4:   layout_cave_pods, nicolae_slime_entry_slimehenge,
          infiniplex_staircase_pool_2, grunt_megastairs_3
Lair:5:   due_jungle_book, layout_regular_city, grunt_megastairs_1
Swamp:1:  layout_basic_swamp, basic_altar, uniq_donald
Swamp:2:  layout_basic_swamp, ebering_ghost_xom, serial_swamp_ruin,
          evilmike_swamp_ruin_house_4, evilmike_swamp_ruin_house_3,
          infiniplex_staircase_pool
Swamp:3:  layout_basic_swamp, evilmike_swamp_ruin_rubble_2, swamp_pool_1_2
Swamp:4:  swamp, layout_basic_swamp
Spider:1: layout_spider_delve, guppyfry_hornet_nest
Spider:2: cheibrodos_spider_silkery, uniq_azrael
Spider:3: nicolae_spider_hilbert_zone_3 [nicolae_spider_hilbert_4_sides_2_open,
          nicolae_spider_hilbert_3_sides_1_open,
          nicolae_spider_hilbert_3_sides_1_open,
          nicolae_spider_hilbert_3_sides_1_open,
          nicolae_spider_hilbert_3_sides_1_open,
          nicolae_spider_hilbert_4_sides_1_open,
          nicolae_spider_hilbert_4_sides_1_open,
          nicolae_spider_hilbert_4_sides_1_open,
          nicolae_spider_hilbert_4_sides_1_open,
          nicolae_spider_hilbert_4_sides_1_open,
          nicolae_spider_hilbert_4_sides_1_open,
          nicolae_spider_hilbert_4_sides_1_open,
          nicolae_spider_hilbert_4_sides_1_open,
          nicolae_spider_hilbert_3_sides_1_open,
          nicolae_spider_hilbert_3_sides_1_open,
          nicolae_spider_hilbert_3_sides_1_open,
          nicolae_spider_hilbert_3_sides_1_open], uniq_asterion, uniq_arachne
Spider:4: johnstein_spider_rune_arachne_lair, hangedman_spider_tarantella_strand
Slime:1:  layout_caves, cheibrodos_slime_lost_civilization_5
Slime:2:  layout_caves
Slime:3:  layout_caves
Slime:4:  layout_caves
Slime:5:  slime_pit_nicolae_trefoil
Orc:1:    layout_diamond_mine, serial_shops, shop, nicolae_shop_self_help
Orc:2:    pf_orc_diabolical, layout_diamond_mine, gammafunk_ghost_necromancy
Elf:1:    elf_arrival_001, layout_rooms, nicolae_elf_blasts_and_bolts,
          serial_sigils_hangedman_scar
Elf:2:    nicolae_elf_blades_splatter_lattice [mumra_blade_entry_dagger],
          layout_gridlike, serial_shops, shop, minmay_misc_feat_ornament,
          ebering_dispersal_statue_hall
Elf:3:    grunt_elf_hall_branching, layout_gridlike, basic_altar,
          nicolae_wooded_promenade, nicolae_twisty_statue_hallways,
          uniq_roxanne, uniq_bai_suzhen
Vaults:1: infiniplex_enter_wizlab_glasses, nicolae_vaults_little_squares_3,
          nicolae_vaults_turnstiles, nicolae_vaults_little_squares_2,
          nicolae_vaults_tetromino_Z_2, hangedman_vaults_maws,
          nicolae_vaults_two_Ls, v_misc_18, nicolae_vaults_circle_grid_b,
          ontoclasm_vaults_loading_screen, nicolae_vaults_apartment_1,
          vaults_mumra_chevron_long, layout_vaults_ring
Vaults:2: nicolae_vaults_heart-shaped_vault, v_misc_15, st_eye,
          nicolae_vaults_trapezoid_lopsided_1, nicolae_vaults_trapezoid_1,
          nicolae_vaults_apartment_2, vaults_room_octagon,
          vaults_standard_mumra_lines, vaults_dpeg_emergency_exit,
          vaults_dpeg_diagonal, serial_library_hellmonk_semicircle,
          nicolae_vaults_apartment_1, nicolae_vaults_house_1, v_pattern_4,
          layout_vaults_maze_bifur, serial_shops, shop, enter_trove_1
Vaults:3: nicolae_vaults_network_s, nicolae_vaults_closet_pinwheel_6,
          vaults_room_hallway, nicolae_vaults_security_offices_1,
          lightli_orcish_oven, blue_anna_dwarven_crypt, hangedman_vaults_slice,
          nicolae_vaults_taking_the_gang_shopping, vaults_room_hallway,
          nicolae_vaults_diamond_1, layout_vaults_omnigrid, serial_shops, shop,
          uniq_frederick, uniq_sojobo, uniq_boris
Vaults:4: v_misc_26, nicolae_vaults_puzzle_piece,
          nicolae_vaults_shipping_containers_5,
          nicolae_vaults_storage_closets_3, v_rooms_4, vaults_room_pools,
          hangedman_vaults_corner_blocks, nicolae_vaults_house_1,
          nicolae_vaults_house_1, nicolae_vaults_closet_pinwheel_4,
          nicolae_vaults_tetromino_Z_1, layout_vaults_chaotic_city,
          serial_shops, bzr_entry_safe
Vaults:5
Depths:1: layout_gridlike, enter_ziggurat_f, nrook_campfire, serial_shops, shop,
          abyss_entry, grunt_hell_entry_demonic_statue, nicolae_tricolors
Depths:2: minmay_firetagon, layout_gridlike, hangedman_abyss_or_decor_slice,
          serial_shops, nicolae_shop_industrial_runoff, hell_entry,
          rand_demon_pan_entry_4
Depths:3: lemuel_traditional_vault, layout_cross, pf_coc_iceberg,
          biasface_ghost_demon_polymorph, abyss_entry, chequers_jeans,
          nicolae_diode_intersection, minmay_staircase_statues_hall_small
Depths:4: grunt_zot_entry_funnels, layout_cave_shapes, grunt_hell_entry_dis_old,
          pan_entry, patterned_corridor
Hell
Dis:1:    layout_jigsaw
Dis:2:    layout_regular_city
Dis:3:    layout_regular_city, nicolae_dis_strange_trophy_room
Dis:4:    grunt_dis_stairs_iron_hall
Dis:5:    layout_overlapping_boxes, nicolae_hells_hurtin_island
Dis:6:    layout_gridville, hangedman_dis_decor_tower,
          nicolae_hells_seeping_fissure
Dis:7:    dis_st
Geh:1:    layout_gehenna_lava_caves, nicolae_hells_seeping_fissure
Geh:2:    layout_gehenna_pools_box, lemuel_old_faithful
Geh:3:    layout_gehenna_lava_caves, lemuel_flamethrower_3
Geh:4:    nicolae_geh_realm_of_the_lava_sea
Geh:5:    layout_gehenna_lava_caves, lemuel_flamethrower_2
Geh:6:    layout_gehenna_pools_basic
Geh:7:    geh_old
Tar:1:    layout_honeycomb
Tar:2:    layout_catacombs
Tar:3:    layout_honeycomb, nicolae_tar_honey_chapel
Tar:4:    layout_grid_maze
Tar:5:    nicolae_tar_honey_stairs, layout_cathedral_of_symmetry
Tar:6:    layout_cathedral_of_symmetry
Tar:7:    tar_old
Zot:1:    lemuel_draconian_sentries, layout_gridlike,
          regret_index_zotdec_silver_v_v_orig_slice, st_small_dragon_hoard_5,
          zot_minivault_1
Zot:2:    layout_cathedral_of_symmetry, regret_index_zotdec_plus
Zot:3:    layout_onion_interference, regret_index_zotdec_under_construction,
          hangedman_xom_zot_hilarity
Zot:4:    layout_misc_corridors
Zot:5:    layout_gridlike, grunt_ministairs_13

Skill      XL: |  1  2  3  4  5  6  7  8  9 10 11 12 13 14 15 16 17 18 19 20 21 22 23 24 25 26 27 |
---------------+----------------------------------------------------------------------------------+-----
Stealth        | 1 2 3 5 6 10 14 15 18 20 | 20.4
Shapeshifting  | 3 4 5 6 7 13 14 15 16 17 18 20 21 22 23 24 | 24.0
Hexes          | 1 5 8 10 12 14 16 17 18 19 21 22 23 24 25 27 | 27.0
Unarmed Combat | 4 6 8 10 11 12 13 14 15 16 17 18 19 20 27 | 27.0
Spellcasting   | 1 4 5 6 7 8 11 | 11.6
Dodging        | 4 5 6 11 13 14 17 19 20 22 23 24 27 | 27.0
Fighting       | 2 3 4 7 8 11 14 15 16 17 19 21 | 21.4
Evocations     | 4 5 6 7 12 15 16 18 | 18.0
Earth Magic    | 2 4 |  4.0
Necromancy     | 2 5 6 9 14 | 14.9
Translocations | 4 8 11 13 | 13.0
Alchemy        | 1 |  1.0
Air Magic      | 3 4 5 |  5.0
Fire Magic     | 20 | 20.0

Action                     |  1- 3 |  4- 6 |  7- 9 | 10-12 | 13-15 | 16-18 | 19-21 | 22-24 | 25-27 || total
---------------------------+-------+-------+-------+-------+-------+-------+-------+-------+-------++-------
  Melee: Unarmed           |    61 |   113 |   257 |   428 |  1269 |  1353 |   975 |  1257 |  3311 ||  9024
         Bite              |     4 |    13 |    39 |    61 |   259 |   198 |   169 |    20 |       ||   763
         Punch             |     2 |     2 |    21 |    40 |     9 |   146 |   141 |   205 |   669 ||  1235
   Cast: Jinxbite          |       |     9 |    35 |    23 |     1 |       |       |       |       ||    68
         Confusing Touch   |       |     4 |    53 |    54 |     2 |       |       |       |       ||   113
         Enfeeble          |       |       |       |    32 |   198 |   200 |    73 |    27 |    34 ||   564
         Discord           |       |       |       |       |       |       |    56 |    64 |    24 ||   144
         Fugue of the Fall |       |       |       |       |       |       |     2 |    15 |    41 ||    58
         Death Channel     |       |       |       |       |       |       |       |    11 |    49 ||    60
         Vhi's Electric Ch |       |       |       |       |       |       |       |     4 |    79 ||    83
         Blink             |       |       |       |       |       |       |       |     1 |     3 ||     4
         Manifold Assault  |       |       |       |       |       |       |       |       |    53 ||    53
 Invoke: Potion Petition   |       |       |       |       |     3 |     5 |     1 |     4 |    18 ||    31
         Bribe Branch      |       |       |       |       |       |       |       |       |     3 ||     3
Ability: Blinkbolt         |       |       |       |       |       |       |       |     8 |    12 ||    20
  Evoke: Wand              |       |       |       |     4 |     1 |    10 |     2 |     4 |     6 ||    27
         Phantom mirror    |       |       |       |       |       |     1 |     2 |     1 |       ||     4
         Box of beasts     |       |       |       |       |       |       |       |     1 |       ||     1
         Tin of tremorston |       |       |       |       |       |       |       |       |     3 ||     3
    Use: Scroll            |     4 |     3 |     1 |     5 |    10 |     8 |     2 |     1 |    15 ||    49
         Potion            |       |       |       |     1 |     1 |     4 |     2 |       |    24 ||    32
   Stab: Sleeping          |     6 |     7 |     4 |     9 |     2 |    22 |    39 |    32 |    45 ||   166
         Confused          |       |     3 |    24 |    34 |       |       |       |       |       ||    61
         Invisible         |       |       |       |    22 |   149 |   128 |    30 |    15 |    13 ||   357
         Paralysed         |       |       |       |     1 |     1 |     3 |       |     1 |       ||     6
         Distracted        |       |       |       |       |     4 |    16 |    16 |    38 |   102 ||   176
 Armour: Skin              |    12 |    35 |    80 |   134 |   217 |   725 |   447 |   308 |   646 ||  2604
  Dodge: Dodged            |    34 |    70 |   242 |   424 |  1551 |  3532 |  1501 |  1753 |  4203 || 13310
   Form: Flux              |       |       |       |       |     1 |       |       |       |       ||     1
         Blade             |       |       |       |       |       |     2 |       |       |       ||     2
         Storm             |       |       |       |       |       |     1 |       |     1 |       ||     2
         Statue            |       |       |       |       |       |     1 |       |       |       ||     1

Table legend: (Time is in decaauts)
 A = Elapsed time spent in this place.
 B = Non-inter-level travel time spent in this place.
 C = Inter-level travel time spent in this place.
 D = Time resting spent in this place.
 E = Time spent auto-exploring this place.
 F = Levels seen in this place.
 G = Mean time per level.
                   A        B        C        D        E       F      G
               +--------+--------+--------+--------+--------+-----+--------+
         Total | 132953 | 120228 |  12725 |  29937 |  63546 |  96 | 1384.9 |
       Dungeon |  26734 |  21561 |   5173 |   4487 |  13277 |  15 | 1782.3 |
        Temple |      1 |      1 |      0 |      0 |      0 |   1 |    1.0 |
          Lair |  17369 |  15403 |   1966 |   5448 |   7110 |   5 | 3473.8 |
         Swamp |   5016 |   4759 |    257 |    833 |   2631 |   4 | 1254.0 |
   Spider Nest |  12343 |  11791 |    552 |   2196 |   6813 |   4 | 3085.8 |
    Slime Pits |   4628 |   4392 |    236 |    521 |   2946 |   5 |  925.6 |
  Orcish Mines |   6863 |   6210 |    653 |   2096 |   3013 |   2 | 3431.5 |
   Elven Halls |   9085 |   8372 |    713 |   3968 |   2945 |   3 | 3028.3 |
        Vaults |  12428 |  11485 |    943 |   1212 |   7778 |   5 | 2485.6 |
        Depths |   8177 |   7412 |    765 |   1725 |   4254 |   4 | 2044.2 |
          Hell |   1019 |    830 |    189 |    135 |    462 |   1 | 1019.0 |
           Dis |   2768 |   2657 |    111 |    875 |   1160 |   7 |  395.4 |
       Gehenna |   4044 |   3608 |    436 |   1212 |   1507 |   7 |  577.7 |
      Tartarus |   3276 |   3088 |    188 |    813 |   1450 |   7 |  468.0 |
           Zot |   7048 |   6513 |    535 |   1617 |   3614 |   5 | 1409.6 |
         Abyss |    705 |    705 |      0 |     19 |     56 |   5 |  141.0 |
   Pandemonium |   8865 |   8865 |      0 |   2555 |   3134 |  13 |  681.9 |
        Bazaar |     37 |     37 |      0 |      0 |     18 |   1 |   37.0 |
         Trove |    141 |    141 |      0 |      0 |    118 |   1 |  141.0 |
        Wizlab |   2397 |   2397 |      0 |    219 |   1254 |   1 | 2397.0 |
               +--------+--------+--------+--------+--------+-----+--------+

Top non-repeatable levels by time:
   Orc:2: 5672 daAuts
   Elf:3: 5670 daAuts
  Lair:2: 5090 daAuts
Spider:2: 3832 daAuts
  Lair:3: 3529 daAuts
    D:14: 3494 daAuts
Spider:4: 3424 daAuts
  Lair:5: 3321 daAuts
  Lair:4: 3175 daAuts
Spider:1: 2880 daAuts
Vaults:3: 2876 daAuts
Vaults:5: 2820 daAuts
   Zot:5: 2534 daAuts
Depths:3: 2509 daAuts
Vaults:4: 2428 daAuts
